 Dungeon Crawl Stone Soup version 0.30-a0-1053-gbd8d5ba0ad (webtiles) character file.

Game seed: 8242310741269317223

562 Khashishi the Sneak (level 7, -4/47 HPs)
             Began as an Octopode Brigand on Apr 11, 2023.
             Splashed by a jelly's acid (7 damage)
             ... on level 4 of the Dungeon.
             The game lasted 00:10:48 (3272 turns).

Khashishi the Sneak (Octopode Brigand)              Turns: 3272, Time: 00:10:49

Health: -4/47      AC: -11   Str: 16    XL:     7   Next: 31%
Magic:  7/7        EV: 30    Int: 14    God:
Gold:   130        SH:  0    Dex: 21    Spells: 6/6 levels left

rFire   + . .      SeeInvis .    a - +2 dagger
rCold   . . .      Faith    .    (no shield)
rNeg    . . .      Spirit   .    (helmet restricted)
rPois   .          Reflect  .    u - amulet of the acrobat
rElec   .          Rampage  .    i - +6 ring of dexterity
rCorr   .                        j - ring of protection from fire
Will    .....                    v - +6 ring of strength
Stlth   +++++                    (no ring)
HPRegen 0.27/turn                (no ring)
MPRegen 0.10/turn                (no ring)
                                 (no ring)
                                 (no ring)

@: corroded, acrobatic
A: almost no armour, amphibious, 8 rings, camouflage 1, gelatinous body 1,
(nimble swimmer 1), tentacles
a: no special abilities


You were on level 4 of the Dungeon.
You visited 1 branch of the dungeon, and saw 4 of its levels.

You collected 130 gold pieces.

Inventory:

Hand Weapons
 a - a +2 dagger (weapon)
Missiles
 b - 9 poisoned darts
 c - 2 curare-tipped darts (quivered)
 g - 13 stones
Jewellery
 i - a +6 ring of dexterity (left tentacle)
 j - a ring of protection from fire (right tentacle)
 s - a ring of ice
 t - a ring of ice
 u - an amulet of the acrobat (around mantle)
 v - a +6 ring of strength (on tentacle)
Scrolls
 d - 2 scrolls of torment {unknown}
 e - a scroll of noise {unknown}
 f - 2 scrolls of identify
 h - 2 scrolls of enchant weapon {unknown}
 k - 2 scrolls of immolation
 n - a scroll of silence {unknown}
 o - a scroll of poison {unknown}
 r - a scroll of fog {unknown}
Potions
 l - a potion of heal wounds {unknown}
 p - a potion of magic {unknown}
 q - a potion of haste {unknown}


   Skills:
 + Level 3.8 Fighting
 + Level 3.9 Short Blades
 + Level 3.8 Throwing
 + Level 3.3 Dodging
 + Level 7.2 Stealth


You had 6 spell levels left.
You didn't know any spells.
Your spell library contained the following spells:

 Spells                   Type           Power      Damage    Failure   Level
 Shock                    Conj/Air       0%         1d3       28%         1
 Poisonous Vapours        Pois/Air       0%         N/A       41%         2
 Mephitic Cloud           Conj/Pois/Air  0%         N/A       65%         3
 Swiftness                Air            0%         N/A       65%         3
 Airstrike                Air            0%         2d(0-16)  96%         4
 Freezing Cloud           Conj/Ice/Air   0%         6-21      100%        5


Dungeon Overview and Level Annotations

Branches:
Dungeon (4/15)
 Temple: D:4-7

Altars:
Kikubaaqudgha
The Shining One


Innate Abilities, Weirdness & Mutations

You cannot wear most types of armour.
You are amphibious.
You can wear up to eight rings at the same time.
Your skin changes colour to match your surroundings (Stealth+).
Your rubbery body absorbs attacks. (AC +1, EV +1)
((You are camouflaged when in or above water. (Stealth+)))
You have tentacles for arms and can constrict up to eight enemies at once.


Message History

The orc wizard completely misses you.
Press: ? - help, v - describe, . - travel
Here: an orc wizard, wielding a +0 dagger of venom and wearing a +0 robe (severely wounded)
The floor.
Unknown command.
You're too confused to move!
You feel less confused. The orc wizard barely misses you. The jelly hits you.
The acid corrodes you!
You are splashed with acid!
You hit the orc wizard but do no damage.
You grab the orc wizard.
You squeeze the orc wizard, but do no damage.
The orc wizard is severely wounded.
You constrict the orc wizard. The orc wizard casts a spell at you.
The puff of flame hits you. You resist. The jelly hits you.
You are splashed with acid.
* * * LOW HITPOINT WARNING * * *
You hit the orc wizard but do no damage.
The orc wizard is severely wounded.
You constrict the orc wizard.
You hit the orc wizard but do no damage.
You squeeze the orc wizard.
You kill the orc wizard!
The jelly hits you.
* * * LOW HITPOINT WARNING * * *
You are splashed with acid!
* * * LOW HITPOINT WARNING * * *
The jelly attacks as you move away! The jelly misses you.
Things that are here:
a +0 dagger of venom; a +0 robe; an orc corpse The jelly attacks as you move away!
The jelly misses you. The jelly attacks as you move away!
The jelly completely misses you.
The jelly jiggles.
The jelly attacks as you move away! The jelly misses you.
The jelly attacks as you move away! The jelly misses you.
The jelly attacks as you move away! The jelly hits you.
* * * LOW HITPOINT WARNING * * *
The acid corrodes you!
You are splashed with acid!
You die...

###.............#.....###
##.#........##..##.....##.
#...........# ......... ..
...........## ..#..### ..
..........## ..##.# ..
..#........###... .# ..
.............## #. #
.......<.J....#
.........@#......
..........#....$.
..........##....#
........... .....
....##.........## ...#
........ ... #.........
#......#.


You could see a jelly.

Vanquished Creatures
  Sigmund (D:3)
  Edmund (D:3)
  An ogre (D:3)
  A hound (D:3)
  An orc priest (D:3)
  2 orc wizards
  2 adders (D:3)
  5 orcs
  6 bats
  9 endoplasms
  2 giant cockroaches
  4 goblins
  5 hobgoblins
  3 jackals (D:3)
  6 kobolds
  4 ball pythons
  3 frilled lizards
  5 rats
61 creatures vanquished.

Notes
Turn   | Place    | Note
-------+----------+-------------------------------------------
     0 | D:1      | Khashishi the Octopode Brigand began the quest for the Orb.
     0 | D:1      | Reached XP level 1. HP: 14/14 MP: 1/1
   209 | D:1      | Reached XP level 2. HP: 19/19 MP: 2/2
  1056 | D:2      | Reached XP level 3. HP: 24/24 MP: 3/3
  1102 | D:2      | Found an ancient bone altar of Kikubaaqudgha.
  2097 | D:3      | Noticed Sigmund
  2100 | D:3      | Killed Sigmund
  2101 | D:3      | Reached skill level 6 in Stealth
  2101 | D:3      | Reached XP level 4. HP: 31/31 MP: 4/4
  2101 | D:3      | Reached XP level 5. HP: 36/36 MP: 5/5
  2131 | D:3      | Found a glowing golden altar of the Shining One.
  2133 | D:3      | Reached XP level 6. HP: 42/42 MP: 6/6
  3057 | D:4      | Noticed Edmund
  3137 | D:3      | Killed Edmund
  3138 | D:3      | Reached skill level 7 in Stealth
  3138 | D:3      | Reached XP level 7. HP: 47/47 MP: 7/7
  3256 | D:4      | HP: 1/47 [acid (7)]
  3272 | D:4      | Splashed by a jelly's acid

Illustrated notes

Levels and vault maps discovered:
D:1:      wheals_arrival_linesprint, layout_basic
D:2:      layout_basic, basic_altar, minivault_5, chequers_arboretum
D:3:      layout_basic, mainiacjoe_overflow_concentric_impassable,
          grunt_ministairs_2, st_stairs_5, uniq_sigmund
D:4:      layout_cave_pools, mainiacjoe_overflow_alcove_2, serial_column_ruins,
          column_ruins_hut, column_ruins_open_medium, column_ruins_open_tiny,
          column_ruins_open_tiny_water, column_ruins_corridor_corner,
          grunt_decor_arrowhead, uniq_ijyb, uniq_edmund

Skill      XL: |  1  2  3  4  5  6 |
---------------+-------------------+-----
Fighting       | 3 |  3.8
Short Blades   | 3 |  3.9
Throwing       | 3 |  3.8
Dodging        | 2 3 |  3.3
Stealth        | 6 7 |  7.2

Action                     |  1- 3 |  4- 6 |  7- 9 || total
---------------------------+-------+-------+-------++-------
  Melee: Dagger            |    36 |    43 |     8 ||    87
         Constrict         |     2 |     6 |     1 ||     9
         Tentacles         |     3 |     9 |     4 ||    16
         Punch             |       |     2 |       ||     2
  Throw: Dart              |     2 |    40 |     4 ||    46
    Use: Scroll            |       |     1 |       ||     1
         Potion            |       |       |     2 ||     2
   Stab: Sleeping          |    20 |    10 |       ||    30
 Armour: Skin              |     3 |     1 |       ||     4
  Dodge: Dodged            |    13 |    44 |    17 ||    74

Table legend: (Time is in decaauts)
 A = Elapsed time spent in this place.
 B = Non-inter-level travel time spent in this place.
 C = Inter-level travel time spent in this place.
 D = Time resting spent in this place.
 E = Time spent auto-exploring this place.
 F = Levels seen in this place.
 G = Mean time per level.
                   A        B        C        D        E       F      G
               +--------+--------+--------+--------+--------+-----+--------+
         Total |   3249 |   3025 |    224 |      0 |   2083 |   4 |  812.2 |
       Dungeon |   3249 |   3025 |    224 |      0 |   2083 |   4 |  812.2 |
               +--------+--------+--------+--------+--------+-----+--------+

Top non-repeatable levels by time:
     D:3: 1121 daAuts
     D:1: 1046 daAuts
     D:2: 943 daAuts
     D:4: 139 daAuts
